Map: Dédale EC

Players

Mendicus

  • Race: Terran Terran
  • League: Diamond
  • Spawn Location: 7:00

HoldTheDoor - Winner!

  • Race: Protoss Protoss
  • League: Diamond
  • Spawn Location: 1:00

VOD

Have the link to the VOD?

Description

Time

  • Played on: July 8, 2018, 5:18 a.m.
  • Length: 15:40
Show
View Real Time Build Order
Export as new Build Order

Mendicus Terran 

Build Orders: Reaper Expand 

Get SALT Encoding   

  12  0:00  SCV  
  13  0:13  SCV  
  14  0:17  Supply Depot  
  14  0:25  SCV  
  15  0:38  SCV  
  15  0:40  Barracks  
  16  0:46  Refinery  
  16  0:54  SCV  
  17  1:08  SCV  
  18  1:26  Orbital Command  
  19  1:32  Reaper  
  19  1:37  Command Center  
  19  1:54  SCV  
  20  2:02  Supply Depot  
  20  2:14  SCV, Factory  
  21  2:21  Marine  
  22  2:26  SCV  
  23  2:38  SCV  
  24  2:48  Barracks Reactor  
  24  2:50  Orbital Command  
  23  2:55  SCV  
  23  2:57  Refinery  
  24  3:04  Starport  
  24  3:14  SCV  
  25  3:26  SCV  
  25  3:36  Cyclone  
  25  3:37  Marine, Hellion  
  28  3:48  SCV  
  29  3:55  Marine  
  29  3:58  Hellion  
  32  4:05  Supply Depot  
  32  4:09  Widow Mine  
  34  4:13  Marine  
  35  4:19  Orbital Command, Cyclone  
  38  4:35  Supply Depot x2  
  38  4:57  Hellion x2  
  42  5:00  Starport Tech Lab  
  42  5:02  SCV  
  43  5:09  Marine  
  44  5:16  SCV x2  
  44  5:18  Cyclone x2  
  52  5:27  Command Center  
  52  5:28  SCV  
  53  5:30  Fusion Core  
  53  5:31  Marine  
  54  5:48  Supply Depot  
  54  5:52  Engineering Bay  
  54  5:53  Liberator  
  54  6:10  SCV x2, Marine  
  60  6:12  Supply Depot  
  60  6:22  Advanced Ballistics, SCV  
  61  6:29  Refinery  
  61  6:31  SCV  
  62  6:34  SCV, Hellion x2  
  67  6:44  SCV  
  67  6:45  Factory  
  67  6:46  SCV  
  69  6:55  Hellion  
  69  6:56  SCV  
  69  6:58  SCV  
  73  7:02  Missile Turret  
  73  7:05  Missile Turret  
  73  7:07  Missile Turret  
  73  7:11  Refinery, SCV x2  
  73  7:13  Cyclone  
  78  7:23  Liberator  
  72  7:39  Factory Tech Lab  
  72  7:44  Planetary Fortress  
  70  7:46  SCV  
  70  7:49  SCV  
  72  7:54  Armory  
  73  7:58  SCV  
  76  8:07  Siege Tank  
  76  8:13  SCV x2  
  76  8:17  Refinery  
  78  8:23  Cyclone  
  78  8:24  Cyclone  
  78  8:25  SCV  
  85  8:27  Command Center  
  85  8:47  Refinery  
  85  8:59  Supply Depot x3  
  85  9:01  Supply Depot  
  85  9:03  Liberator  
  85  9:14  Missile Turret  
  85  9:20  Siege Tank, SCV x3  
  85  9:21  Hellion x2  
  85  9:22  Missile Turret  
  85  9:23  Missile Turret  
  97  9:24  Missile Turret  
  97  9:25  Supply Depot  
  97  9:28  Terran Vehicle Weapons Level 1  
  97  9:30  Factory  
  97  9:32  SCV x3  
  97  9:33  Armory  
  100  9:42  Missile Turret  
  100  9:44  SCV x2  
  100  9:45  SCV  
  103  9:46  Supply Depot  
  103  9:48  Cyclone x2  
  103  9:49  Missile Turret, Liberator  
  103  9:52  Siege Tank  
  112  9:54  Orbital Command  
  112  9:56  SCV  
  112  9:57  SCV x2  
  118  10:08  SCV  
  118  10:09  Supply Depot, SCV x2  
  121  10:20  Cyclone  
  121  10:21  SCV x3, Factory Tech Lab  
  127  10:29  Missile Turret  
  123  10:48  Command Center  
  123  10:55  Structure Armor  
  123  11:05  Supply Depot  
  123  11:19  Siege Tank, Hellion x3  
  132  11:29  Supply Depot  
  132  11:40  Siege Tank  
  132  11:41  Supply Depot  
  132  11:42  Supply Depot  
  132  11:46  SCV x2  
  138  11:51  Siege Tank, Cyclone, Command Center  
  138  11:53  Raven  
  146  11:58  Orbital Command, SCV  
  146  12:03  Planetary Fortress  
  146  12:04  Supply Depot  
  146  12:06  Supply Depot  
  146  12:07  Supply Depot  
  146  12:12  Siege Tank  
  148  12:23  Siege Tank  
  148  12:28  Factory  
  151  12:30  Terran Vehicle Weapons Level 2  
  151  12:31  Starport  
  151  12:44  Siege Tank  
  151  12:46  Command Center  
  154  12:51  SCV x2  
  154  12:52  SCV x2  
  154  12:55  Siege Tank  
  161  13:02  Command Center  
  161  13:12  Viking  
  163  13:15  Factory Tech Lab  
  163  13:16  Siege Tank  
  166  13:20  Hi-Sec Auto Tracking  
  166  13:21  Starport Reactor  
  166  13:27  Siege Tank  
  169  13:39  Siege Tank  
  169  13:40  Hellion x2  
  176  13:42  Viking  
  178  13:49  Siege Tank  
  181  13:59  Siege Tank  
  184  14:06  Sensor Tower  
  184  14:08  Planetary Fortress  
  184  14:16  Missile Turret  
  184  14:17  Missile Turret  
  184  14:18  Siege Tank, Missile Turret  
  184  14:21  Siege Tank  
  190  14:28  Missile Turret  
  190  14:30  Refinery  
  190  14:31  Thor  
  190  14:33  Refinery  
  192  14:46  Hellion  
  192  14:47  Hellion  
  192  14:48  Missile Turret  
  192  14:50  Hellion  
  170  14:53  Siege Tank  
  121  15:08  Missile Turret, Hellion x2  
  121  15:12  Hellion  
  101  15:14  Hellion  
  96  15:30  Missile Turret  
Show
View Real Time Build Order
Export as new Build Order

HoldTheDoor Protoss - Winner!

Build Orders: Double Forge 

Get SALT Encoding   

  12  0:00  Probe  
  13  0:13  Probe  
  14  0:18  Pylon  
  14  0:25  Probe  
  15  0:36  Probe  
  15  0:37  Gateway  
  16  0:44  Assimilator, Probe  
  17  0:53  Probe  
  17  0:55  Assimilator  
  18  1:05  Probe  
  19  1:15  Gateway  
  19  1:17  Probe  
  20  1:29  Probe  
  21  1:32  Cybernetics Core  
  21  1:39  Pylon  
  21  1:41  Probe  
  22  1:53  Probe  
  23  2:00  Warp Gate  
  23  2:05  Probe  
  24  2:09  Stalker x2  
  24  2:15  Pylon  
  28  2:17  Probe  
  29  2:35  Robotics Facility  
  29  2:39  Stalker  
  30  2:55  Stalker  
  30  2:57  Probe  
  32  3:04  Pylon  
  32  3:09  Probe  
  33  3:22  Immortal  
  37  3:39  Probe  
  38  3:50  Pylon  
  38  3:51  Probe  
  39  4:28  Nexus  
  37  4:31  Immortal  
  37  4:32  Pylon  
  41  4:39  Probe, Pylon  
  41  4:40  Forge  
  41  4:44  Forge  
  42  4:51  Probe  
  43  4:53  Protoss Ground Armor Level 1  
  43  5:00  Protoss Shields Level 1, Stalker  
  43  5:03  Probe  
  43  5:04  Stalker  
  48  5:15  Probe  
  49  5:27  Probe  
  50  5:29  Observer, Pylon  
  50  5:33  Stalker  
  53  5:39  Probe  
  53  5:40  Stalker  
  56  5:44  Probe  
  57  5:53  Pylon  
  57  5:59  Immortal  
  57  6:02  Probe  
  57  6:03  Probe  
  63  6:11  Photon Cannon  
  63  6:14  Probe  
  64  6:20  Probe, Photon Cannon  
  65  6:26  Probe, Sentry x2  
  65  6:32  Probe  
  71  6:33  Assimilator  
  71  6:38  Probe  
  72  6:44  Probe  
  72  6:45  Twilight Council  
  72  6:47  Pylon  
  73  6:50  Immortal  
  73  6:53  Probe  
  78  6:56  Probe, Protoss Ground Weapons Level 1  
  78  7:00  Assimilator  
  79  7:03  Pylon  
  79  7:06  Probe  
  80  7:10  Stargate  
  80  7:18  Probe x2  
  82  7:28  Zealot x2  
  82  7:29  Protoss Ground Armor Level 2  
  86  7:34  Pylon  
  85  7:41  Charge  
  84  7:45  Nexus  
  84  7:49  Pylon  
  84  7:51  Pylon  
  84  7:58  Void Ray  
  88  8:01  Probe  
  88  8:02  Probe  
  90  8:14  Probe x2  
  92  8:20  Photon Cannon  
  92  8:22  Photon Cannon  
  92  8:24  Shield Battery  
  92  8:26  Probe x2  
  94  8:36  Zealot x2  
  94  8:38  Probe x2  
  100  8:42  Gateway  
  100  8:45  Gateway  
  100  8:49  Void Ray  
  104  8:57  Probe x2  
  104  9:01  Assimilator, Probe  
  107  9:09  Probe  
  108  9:13  Pylon  
  108  9:14  Assimilator  
  108  9:16  Photon Cannon  
  108  9:19  Shield Battery, Protoss Ground Weapons Level 2  
  108  9:24  Immortal  
  108  9:30  Protoss Shields Level 2  
  108  9:31  Zealot x2  
  112  9:32  Photon Cannon  
  116  9:51  Probe  
  116  9:52  Probe  
  118  9:53  Zealot x4  
  118  9:54  Immortal  
  126  10:06  Robotics Bay  
  130  10:19  Void Ray  
  134  10:30  Warp Prism  
  117  10:48  Zealot x3  
  117  10:49  Zealot  
  123  10:51  Probe x2  
  125  10:57  Colossus, Protoss Air Armor Level 1  
  125  11:01  Gateway  
  125  11:02  Void Ray  
  125  11:03  Gateway  
  135  11:12  Probe x2  
  137  11:18  Pylon  
  137  11:21  Shield Battery  
  133  11:41  Adept  
  133  11:42  Adept x3  
  141  12:02  Protoss Ground Armor Level 3  
  141  12:08  Protoss Shields Level 3  
  141  12:15  Colossus  
  141  12:21  Stalker x3  
  141  12:22  Stalker  
  155  12:33  Void Ray  
  159  12:42  Extended Thermal Lance  
  159  12:44  Zealot  
  159  12:45  Zealot x3  
  167  12:51  Pylon  
  167  12:53  Gateway  
  167  12:55  Pylon, Gateway  
  167  12:57  Gateway  
  167  12:59  Protoss Air Weapons Level 1  
  167  13:00  Gateway  
  167  13:01  Colossus  
  167  13:09  Templar Archives  
  173  13:19  Zealot x5  
  183  13:20  Zealot  
  185  13:33  Nexus  
  185  13:34  Pylon  
  185  13:38  Pylon  
  185  13:43  Void Ray  
  189  13:55  High Templar  
  189  13:56  High Templar x4  
  189  14:00  Archon x2  
  199  14:03  Psionic Storm  
  199  14:09  Probe  
  144  15:04  High Templar  
  144  15:05  High Templar x7  
  144  15:06  High Templar x2  
  154  15:09  Archon x3  
  154  15:10  Archon x2  
Tags
 
Add a new tag
Caveats
  • Supply blocks, unpowered buildings, or Contaminate may cause inaccurate times.
  • Supply counts are checked every 10 seconds.